cohdb
Replays
Latest Replays
All Replays
Popular Replays
Top Player Replays
Match Explorer
How It Works
Community
CoH3 Stats
Reddit
Sign in to upload your games and track your stats! →
Sign in with Steam
Match 42242651
Unlisted
Match 42242651
Overview
Messages
Build Orders
End
Kettenkrad Recon Vehicle
Construct Infanterie Kompanie
MG 42 Machine Gun Team
Selects Mechanized Battlegroup
Grenadier Squad
Construct Panzergrenadier Kompanie
Grenadier Squad
251 Medium Carrier
Selects Mobile Repair Stations
251 Medium Carrier
251 Medium Carrier
251 Medium Carrier
MG 42 Machine Gun Team
251 Medium Carrier
MG 42 Machine Gun Team
Selects Wespe Self-propelled Artillery
Pak 40 Anti-tank Gun Team
Wespe Self-propelled Artillery
Support Elements
StuG III G Assault Gun
Selects Raid Package
Selects StuG Assault Group
Panzergrenadier Squad
251 Medium Carrier
StuG III G Assault Gun
Kettenkrad Recon Vehicle
Selects Zeroing Artillery Barrage
Zeroing Artillery Barrage
Selects UNKNOWN (2160084)
StuG III G Assault Gun
Construct Luftwaffe Kompanie
Howdenn
Братишка
Insomniac
CommissarJuriSprite
0
0
Comments
sign in to comment!
No comments posted yet!